 Dungeon Crawl Stone Soup version 0.17.1-3-g152610e (webtiles) character file.

119 Peloso the Shield-Bearer (level 4, 0/41 HPs)
             Began as a Minotaur Fighter on Apr 9, 2016.
             Slain by Grinder (2 damage)
             ... on level 3 of the Dungeon.
             The game lasted 00:04:40 (1730 turns).

Peloso the Shield-Bearer (Minotaur Fighter)         Turns: 1730, Time: 00:04:40

Health: 0/41       AC:  7    Str: 26    XL:     4   Next: 74%
Magic:  4/12       EV:  8    Int:  5    God:
Gold:   126        SH: 10    Dex: 10    Spells: 0 memorised, 3 levels left

rFire  . . .     SeeInvis .     a - +0 long sword
rCold  . . .     Clarity  .     b - +0 scale mail
rNeg   . . .     SustAt   .     c - +0 shield
rPois  .         Gourm    .     (helmet restricted)
rElec  .         Spirit   .     (no cloak)
rCorr  .         Warding  .     (no gloves)
rMut   +         Stasis   .     (no boots)
MR     .....                    j - amulet of resist mutation
Stlth  ..........               (no ring)
                                m - ring of magical power

@: mighty, not resistant to hostile enchantments, extremely unstealthy
A: retaliatory headbutt, horns 2
a: no special abilities


You were on level 3 of the Dungeon.
You were not hungry.

You visited 1 branch of the dungeon, and saw 3 of its levels.

You collected 126 gold pieces.

Inventory:

Hand Weapons
 a - a +0 long sword (weapon)
Armour
 b - a +0 scale mail (worn)
 c - a +0 shield (worn)
Jewellery
 j - an amulet of resist mutation (around neck)
 m - a ring of magical power (left hand)
Scrolls
 i - 2 scrolls of identify {unknown}
 k - a scroll of blinking {unknown}
 l - 2 scrolls of remove curse {unknown}
 q - a scroll of immolation {unknown}
 r - 2 scrolls of amnesia {unknown}
Potions
 d - a potion of might
 f - a potion of magic {unknown}
 h - a potion of curing {unknown}
 o - a potion of degeneration {unknown}
 p - 2 potions of haste {unknown}
 s - a potion of mutation {unknown}
Comestibles
 e - 2 bread rations
 g - 2 beef jerkies
 n - a slice of pizza
 t - a chunk of flesh
 u - a meat ration


   Skills:
 + Level 4.3 Fighting
 + Level 2.6 Long Blades
 + Level 4.7 Armour
 + Level 1.4 Dodging
 + Level 0.1 Stealth
 + Level 4.8 Shields


You had 3 spell levels left.
You didn't know any spells.

Dungeon Overview and Level Annotations

Branches:
Dungeon (3/15)

Altars:

Annotations:
D:3 Grinder


Innate Abilities, Weirdness & Mutations

You reflexively headbutt those who attack you in melee.
You have a pair of horns on your head.


Message History

Grinder is lightly wounded.
Grinder barely misses you. You block Grinder's attack.
You slash Grinder!
Grinder is moderately wounded.
Grinder barely misses you.
You hit Grinder.
Grinder is heavily wounded.
Grinder hits you.
* * * LOW HITPOINT WARNING * * *
You writhe in agony.
* * * LOW HITPOINT WARNING * * *
You barely miss Grinder.
Grinder is heavily wounded.
Grinder gestures.
Grinder blinks!
You see here a rat corpse.
Grinder hits you.
* * * LOW HITPOINT WARNING * * *
You writhe in agony.
You die...

..........######+##
..................#
.....5............#
..................#
..................#
......$...........#
#########.........#####
.###########..............
.......)5@†..........#####
.############........#
...........# ##.........#
#.........# #.........#
..#########


You could see Grinder.

Vanquished Creatures
  Robin (D:2)
  3 adders (D:2)
  An ooze (D:1)
  A worm (D:2)
  7 bats
  2 giant cockroaches
  11 hobgoblins
  3 jackals (D:1)
  4 giant geckos
  5 giant newts
  13 goblins
  11 kobolds
  7 rats
69 creatures vanquished.

Notes
Turn   | Place    | Note
--------------------------------------------------------------
     0 | D:1      | Peloso the Minotaur Fighter began the quest for the Orb.
     0 | D:1      | Reached XP level 1. HP: 19/19 MP: 0/0
   214 | D:1      | Reached skill level 4 in Fighting
   232 | D:1      | Reached XP level 2. HP: 14/27 MP: 1/1
   555 | D:1      | Reached XP level 3. HP: 33/33 MP: 2/2
   889 | D:2      | Found a faded altar to an unknown god.
  1216 | D:2      | Noticed Robin
  1219 | D:2      | Reached XP level 4. HP: 32/40 MP: 3/3
  1231 | D:2      | Killed Robin
  1231 | D:2      | Reached skill level 1 in Dodging
  1696 | D:3      | Noticed Grinder
  1708 | D:3      | Paralysed by Grinder for 7 turns
  1730 | D:3      | HP: 2/41 [Grinder (1)]
  1730 | D:3      | Slain by Grinder

Action                   |  1- 3 |  4- 6 || total
-------------------------+-------+-------++-------
Melee: Long sword        |   101 |    54 ||   155
  Use: Potion            |       |     1 ||     1
  Eat: Chunk             |     1 |     2 ||     3
